 Dungeon Crawl Stone Soup version 0.28.0 (webtiles) character file.

Game seed: 12277452336189820715

325 croobank the Sneak (level 6, -1/57 HPs)
             Began as an Octopode Transmuter on Feb 14, 2022.
             Was a Believer of Trog.
             Slain by a bullfrog skeleton (6 damage)
             ... on level 4 of the Dungeon.
             The game lasted 00:12:06 (2918 turns).

croobank the Sneak (Octopode Transmuter)            Turns: 2918, Time: 00:12:13

Health: -1/57      AC:  1    Str: 11    XL:     6   Next: 48%
Magic:  9/9        EV: 13    Int: 19    God:    Trog [**....]
Gold:   76         SH:  0    Dex: 17    Spells: 6/9 levels left

rFire   + . .      SeeInvis +   a - +9 morningstar of the Past {vorpal, rF+ rC- Int+3 Dex+5}
rCold   x . .      Faith    .   (no shield)
rNeg    + . .      Spirit   .   (helmet restricted)
rPois   .          Reflect  .   (no amulet)
rElec   .          Harm     .   g - ring of see invisible
rCorr   .          Rampage  .   k - ring of positive energy
Will    .....                   (no ring)
Stlth   ..........              (no ring)
HPRegen 0.19/turn               (no ring)
MPRegen 0.11/turn               (no ring)
                                (no ring)
                                (no ring)

@: berserking, very quick
A: almost no armour, amphibious, 8 rings, camouflage 1, gelatinous body 1,
(nimble swimmer 1), tentacles
a: Renounce Religion, Berserk, Trog's Hand


You were on level 4 of the Dungeon.
You worshipped Trog.
Trog was pleased with you.
You visited 1 branch of the dungeon, and saw 4 of its levels.

You collected 76 gold pieces.

Inventory:

Hand Weapons
 a - the +9 morningstar of the Past (weapon) {vorpal, rF+ rC- Int+3 Dex+5}
   (You acquired it on level 2 of the Dungeon)

   It inflicts extra damage upon your enemies.
   Int:       It affects your intelligence (+3).
   Dex:       It affects your dexterity (+5).
   rF:        It protects you from fire.
   rC:        It makes you vulnerable to cold.
 c - a +2 whip of freezing
 e - a +2 dagger of venom
Missiles
 b - 14 arrows
 d - 98 stones (quivered)
 i - 14 bolts
Armour
 s - a +0 tower shield
Jewellery
 g - a ring of see invisible (left tentacle)
 k - a ring of positive energy (right tentacle)
Wands
 q - a wand of iceblast (4)
Scrolls
 j - 2 scrolls of teleportation {unknown}
 l - a scroll of torment {unknown}
 m - a scroll of fear {unknown}
 n - a scroll of identify
 p - a scroll of vulnerability {unknown}
 r - a scroll of enchant armour {unknown}
 t - a scroll of magic mapping {unknown}
Potions
 h - a potion of flight {unknown}
 o - a potion of curing {unknown}


   Skills:
 - Level 1.1 Fighting
 + Level 4.0 Maces & Flails
 - Level 2.1 Dodging
 + Level 5.9 Stealth
 - Level 3.0 Unarmed Combat
 - Level 2.2 Spellcasting
 - Level 2.2 Transmutations


You had 6 spell levels left.
You knew the following spells:

 Your Spells              Type           Power      Damage    Failure   Level
a - Beastly Appendage     Tmut           20%        N/A       7%          1
b - Wereblood             Tmut           10%        N/A       10%         2

Your spell library contained the following spells:

 Spells                   Type           Power      Damage    Failure   Level
 Spider Form              Tmut/Pois      6%         N/A       32%         3
 Ice Form                 Ice/Tmut       6%         N/A       71%         4


Dungeon Overview and Level Annotations

Branches:
Dungeon (4/15)
 Temple: D:4-7

Altars:
Trog

Shops:
D:1 :


Innate Abilities, Weirdness & Mutations

You cannot wear most types of armour.
You are amphibious.
You can wear up to eight rings at the same time.
Your skin changes colour to match your surroundings (Stealth+).
Your rubbery body absorbs attacks. (AC +1, EV +1)
((You are camouflaged when in or above water. (Stealth+)))
You have tentacles for arms and can constrict up to eight enemies at once.


Message History

Found 31 stones.
You feel yourself speed up.
You now have 76 gold pieces (gained 11).
A goblin comes into view. It is wielding a +0 dagger.
Found a scroll labelled GILLENN SEIPARUO.
d - 98 stones (gained 31)
You recover from your berserk rage.
Found a war axe.
t - a scroll labelled GILLENN SEIPARUO A bullfrog skeleton comes into view.
A water moccasin skeleton comes into view.
The water moccasin skeleton bites you!
The water moccasin skeleton barely misses you.
You puncture the water moccasin skeleton!
Your grab misses the water moccasin skeleton.
The water moccasin skeleton is heavily damaged.
The water moccasin skeleton barely misses you.
The bullfrog skeleton misses you.
You thump the water moccasin skeleton! You grab the water moccasin skeleton.
The water moccasin skeleton is severely damaged.
You constrict the water moccasin skeleton.
The water moccasin skeleton bites you.
The bullfrog skeleton barely misses you.
The water moccasin skeleton bites you.
You hit the water moccasin skeleton.
The water moccasin skeleton is almost destroyed.
You constrict the water moccasin skeleton.
The bullfrog skeleton hits you.
* * * LOW HITPOINT WARNING * * *
The water moccasin skeleton closely misses you.
The bullfrog skeleton hits you.
* * * LOW HITPOINT WARNING * * *
Okay, then.
A red film seems to cover your vision as you go berserk!
You feel yourself moving faster!
You feel mighty!
You constrict the water moccasin skeleton.
You destroy the water moccasin skeleton!
Trog accepts your kill. The bullfrog skeleton hits you.
You die...

............................
..........................#####
..............................#
..............................#
..............................
..........................###
..........................#
..........................#
...............Z@.........#
..........................#####
...............................
..........................#####
..........................#
###...######)#..## .... #.#..#
..... ....... .#..#....


You could see a bullfrog skeleton.

Vanquished Creatures
  A water moccasin skeleton (D:4)
  An orc priest (D:3)
  Natasha (thrice) (D:3)
  4 orc wizards
  3 gnolls (D:3)
  3 adders
  An adder skeleton (D:4)
  A worm (D:2)
  A dart slug (D:2)
  4 orcs
  3 endoplasms
  3 giant cockroaches
  6 goblins
  2 hobgoblins (D:1)
  3 kobolds
  2 quokkas
  7 ball pythons
  9 bats
  3 frilled lizards
  5 rats
65 creatures vanquished.

Notes
Turn   | Place    | Note
-------+----------+-------------------------------------------
     0 | D:1      | croobank the Octopode Transmuter began the quest for the
                  | Orb.
     0 | D:1      | Reached XP level 1. HP: 13/13 MP: 3/3
   269 | D:1      | Reached XP level 2. HP: 14/18 MP: 3/5
   272 | D:1      | Learned a level 2 spell: Wereblood
   645 | D:1      | Found a faded altar of an unknown god.
   653 | D:1      | Prayed at the altar of an unknown god.
   653 | D:1      | Became a worshipper of Trog the Wrathful
   653 | D:1      | Reached * piety under Trog
   695 | D:1      | Reached skill level 1 in Stealth
  1115 | D:1      | Found Bois's Book Shop.
  1373 | D:2      | Reached skill level 1 in Maces & Flails
  1373 | D:2      | Reached XP level 3. HP: 23/23 MP: 6/6
  1465 | D:2      | Identified the +2 robe of a Gauntlet {rPois rCorr Slay+3}
  1486 | D:2      | Reached skill level 2 in Stealth
  1663 | D:2      | Identified a scroll of acquirement
  1665 | D:2      | Acquired the +9 morningstar of the Past {vorpal, rF+ rC-
                  | Int+3 Dex+5}
  2223 | D:3      | Reached skill level 3 in Stealth
  2223 | D:3      | Reached XP level 4. HP: 28/28 MP: 7/7
  2256 | D:3      | Reached skill level 4 in Stealth
  2256 | D:3      | Reached XP level 5. HP: 25/33 MP: 8/8
  2426 | D:3      | Reached ** piety under Trog
  2558 | D:3      | Noticed Natasha
  2564 | D:3      | Killed Natasha
  2565 | D:3      | Reached skill level 5 in Stealth
  2614 | D:3      | Noticed Natasha
  2619 | D:3      | Killed Natasha
  2620 | D:3      | Reached XP level 6. HP: 35/38 MP: 9/9
  2697 | D:3      | Noticed Natasha
  2702 | D:3      | Killed Natasha
  2918 | D:4      | Slain by a bullfrog skeleton

Illustrated notes

Levels and vault maps discovered:
D:1:      erik_arrival_blinker_ship, layout_basic,
          ebering_ecumenical_altar_webs, serial_shops, nicolae_shop_waterfront
D:2:      layout_loops_ring
D:3:      layout_rooms, uniq_natasha
D:4:      layout_basic, kennysheep_small_spiral, uniq_menkaure

Skill      XL: |  1  2  3  4  5  6 |
---------------+-------------------+-----
Stealth        | 1 3 4 5 |  5.9
Maces & Flails | 1 2 3 4 |  4.0
Fighting       | |  1.1
Dodging        | |  2.1
Unarmed Combat | |  3.0
Spellcasting   | |  2.2
Transmutations | |  2.2

Action                   |  1- 3 |  4- 6 || total
-------------------------+-------+-------++-------
Melee: Unarmed           |    18 |       ||    18
       Constrict         |    11 |    10 ||    21
       Kick              |     4 |       ||     4
       Whip              |    36 |       ||    36
       Tentacles         |     9 |     7 ||    16
       Punch             |     3 |     1 ||     4
       Morningstar       |     7 |    46 ||    53
 Cast: Beastly Appendage |     9 |       ||     9
Invok: Berserk           |     1 |     1 ||     2
       Trog's Hand       |       |     1 ||     1
  Use: Scroll            |     3 |       ||     3
       Potion            |       |     1 ||     1
 Stab: Sleeping          |     8 |     8 ||    16
Armor: Skin              |     4 |     2 ||     6
Dodge: Dodged            |    40 |    39 ||    79
